 Dungeon Crawl Stone Soup version 0.18-a0-1343-g48c8f86 (webtiles) character file.

215 Gorice the Slasher (level 5, -5/43 HPs)
             Began as a Demonspawn Abyssal Knight on Feb 16, 2016.
             Was a Priest of Lugonu.
             Slain by Menkaure (10 damage)
             ... on level 4 of the Dungeon.
             The game lasted 00:11:37 (3800 turns).

Gorice the Slasher (Demonspawn Abyssal Knight)      Turns: 3800, Time: 00:11:37

Health: -5/43      AC:  6    Str: 13    XL:     5   Next: 60%
Magic:  3/7        EV:  9    Int: 14    God:    Lugonu [***...]
Gold:   210        SH:  0    Dex: 12    Spells: 0 memorised, 4 levels left

rFire  . . .     SeeInvis +     a - +1 falchion
rCold  . . .     Gourm    .     s - +0 scale mail
rNeg   . . .     Faith    .     (no shield)
rPois  .         Spirit   .     (helmet unavailable)
rElec  .         Dismiss  .     (no cloak)
rCorr  .         Reflect  .     (no gloves)
SustAt .         Harm     .     (no boots)
MR     .....                    (no amulet)
Stlth  ..........               (no ring)
                                (no ring)

@: not resistant to hostile enchantments, extremely unstealthy
A: antennae 3
a: Depart the Abyss, Bend Space, Banish, Renounce Religion


You were on level 4 of the Dungeon.
You worshipped Lugonu.
Lugonu was most pleased with you.
You were not hungry.

You visited 1 branch of the dungeon, and saw 4 of its levels.
You visited the Abyss 1 time.

You collected 210 gold pieces.

Inventory:

Hand Weapons
 a - a +1 falchion (weapon)
Missiles
 k - 11 sling bullets
 n - 4 tomahawks (quivered)
 Z - 69 stones
Armour
 b - a +0 leather armour
 e - a +0 ring mail
 s - a +0 scale mail (worn)
 t - a +2 helmet
Magical Staves
 p - an uncursed staff of death {unknown}
Wands
 q - a wand of paralysis (13/24)
Scrolls
 d - 2 scrolls of teleportation {!r}
 j - a scroll of fear {!r}
 r - a scroll of enchant weapon {unknown}
Potions
 f - a potion of haste {unknown}
 i - 3 potions of cancellation {!q}
 m - a potion of degeneration {unknown}
 o - a potion of agility {unknown}
Comestibles
 c - 2 bread rations {!e}
 g - 4 chunks of flesh
 h - 2 slices of pizza
 l - 2 beef jerkies


   Skills:
 + Level 4.4 Fighting
 * Level 4.4 Long Blades
 - Level 1.7 Armour
 - Level 0.8 Dodging
 + Level 2.7 Invocations


You had 4 spell levels left.
You didn't know any spells.

Dungeon Overview and Level Annotations

Branches:
Dungeon (4/15)
 Temple: D:4-7

Altars:
Nemelex Xobeh
Okawaru
Pakellas
Ru
Sif Muna
The Shining One

Annotations:
D:4 Menkaure


Innate Abilities, Weirdness & Mutations

You have a pair of large antennae on your head (SInv).


Message History

Menkaure hums a few words.
Things that are here:
a club; a flail; a dagger
There is a stone staircase leading up here.
You climb upwards.
There is a stone staircase leading down here.
Wear which item? (? for menu, Esc to quit)
Okay, then.
You start waiting.
Eating one of 6 chunks of flesh.
This raw flesh tastes terrible.
You continue eating. x2
Some of the chunks of flesh in your inventory have rotted away.
Done waiting.
You climb downwards.
Level annotation: Menkaure
There is a stone staircase leading up here.
Menkaure hits you!
Damage: 16 (max 16)
You barely miss Menkaure. Menkaure completely misses you.
You hit Menkaure.
Menkaure is lightly damaged.
Menkaure hits you.
Damage: 3 (max 16)
You hit Menkaure.
Menkaure is lightly damaged.
Menkaure hits you!
Damage: 7 (max 16)
You barely miss Menkaure.
Menkaure is lightly damaged.
Menkaure hits you!
* * * LOW HITPOINT WARNING * * *
Damage: 13 (max 16)
Your scale mail prevents you from hitting Menkaure.
Menkaure is lightly damaged.
Menkaure hums in an indecipherable tongue.
Menkaure barely misses you.
Press: ? - help, Shift-Dir - straight line, f - Menkaure
Aim: Menkaure (lightly damaged, chance to defeat MR: 66%) Menkaure struggles to resist.
You feel somewhat more hungry.
You don't have enough magic at the moment.
Unknown command.
Drink which item? (? for menu, Esc to quit)
Okay, then.
Eat which item? (? for menu, Esc to quit)
Okay, then.
Read which item? (? for menu, Esc to quit)
Really read
j - 2 scrolls of fear {!r}?
As you read the scroll of fear {!r}, it crumbles to dust.
You assume a fearsome visage.
Menkaure is unaffected.
Menkaure hits you!
You die...

#....###........
#. ...............
{ #.
............#.##
#. ..........#
#.#### ##.
#.....M...###....#
##..
#...####M.....##.#
##... #...#
#########.# #....
#>..# #M# ##...
#...# #@# ##.#
...M# #.#######
#.# ...##
#.......########.#
...
#....<..##.......#
..#
##.##.#.##.#######
#.##......#
#.####.#### #.#
#.# #.. ..#


You could see Menkaure.

Vanquished Creatures
  A centaur zombie (D:3)
  A worker ant (D:3)
  3 gnolls (D:3)
  4 adders (D:2)
  An ooze (D:1)
  2 worms
  6 giant geckos
  6 orcs
  6 bats
  3 giant cockroaches
  5 goblins
  8 hobgoblins
  7 jackals
  2 quokkas
  2 ball pythons (D:3)
  2 giant newts
  11 kobolds
  6 rats
76 creatures vanquished.

Notes
Turn   | Place    | Note
--------------------------------------------------------------
     0 | Abyss:1  | Gorice the Demonspawn Abyssal Knight began the quest for the Orb.
     0 | Abyss:1  | Reached XP level 1. HP: 18/18 MP: 2/2
    22 | D:1      | Escaped the Abyss
    76 | D:1      | Reached skill level 2 in Long Blades
    99 | D:1      | Gained mutation: You have a pair of small antennae on your head. [demonic ancestry]
    99 | D:1      | Reached XP level 2. HP: 22/24 MP: 3/3
   670 | D:1      | Reached ** piety under Lugonu
   801 | D:1      | Gained mutation: You have a pair of antennae on your head. [demonic ancestry]
   801 | D:1      | Reached XP level 3. HP: 29/29 MP: 4/4
  1353 | D:2      | Reached skill level 3 in Long Blades
  1651 | D:2      | Gained mutation: You have a pair of large antennae on your head (SInv). [demonic ancestry]
  1651 | D:2      | Reached XP level 4. HP: 13/37 MP: 5/5
  1655 | D:2      | HP: 11/37 [poisoned by an adder]
  1661 | D:2      | HP: 10/37 [poisoned by an adder]
  1669 | D:2      | HP: 9/37 [poisoned by an adder]
  1898 | D:2      | Found a deep blue altar of Sif Muna.
  1919 | D:2      | HP: 10/37 [adder (4)]
  1925 | D:2      | HP: 7/37 [poisoned by an adder]
  2571 | D:3      | Reached skill level 4 in Fighting
  2571 | D:3      | Reached skill level 4 in Long Blades
  2571 | D:3      | Reached XP level 5. HP: 32/42 MP: 6/6
  2641 | D:3      | Found a sacrificial altar of Ru.
  2891 | D:3      | Reached *** piety under Lugonu
  3056 | D:3      | Found an oddly glowing altar of Pakellas.
  3058 | D:3      | Found a glowing golden altar of the Shining One.
  3318 | D:3      | Found a sparkling altar of Nemelex Xobeh.
  3318 | D:3      | Found an iron altar of Okawaru.
  3662 | D:4      | Noticed Menkaure
  3797 | D:4      | HP: 5/43 [Menkaure (13)]
  3800 | D:4      | Slain by Menkaure

Vault maps used:
D:1:      dpeg_arrival_rhombi
D:2:      old_standard_altar
D:3:      nicolae_overflow_hidden_temple, nicolae_ru_awakened_eye, serial_glass,
          glass_columns_a, glass_columns_c
D:4:      lemuel_doored_altar, grunt_decor_arrowhead, uniq_grinder,
          uniq_menkaure

Action                   |  1- 3 |  4- 6 || total
-------------------------+-------+-------++-------
Melee: Falchion          |   148 |   177 ||   325
Throw: Stone             |       |     8 ||     8
Invok: Banish            |       |     1 ||     1
  Use: Scroll            |     4 |     5 ||     9
       Potion            |       |     1 ||     1
  Eat: Chunk             |     2 |     8 ||    10

Table legend:
 A = Turns spent in this place as a percentage of turns spent in the entire game.
 B = Non-inter-level travel turns spent in this place as a percentage of non-inter-level travel turns spent in the entire game.
 C = Inter-level travel turns spent in this place as a percentage of turns spent in this place.
 D = Turns resting spent in this place as a percentage of non-inter-level travel turns spent in this place.
 E = Turns spent auto-exploring this place as a percentage of non-inter-level travel turns spent in this place.
 F = Non-inter-level travel turns spent in this place divided by the number of levels of this place that you've seen.
                   A       B       C       D       E      F
               +-------+-------+-------+-------+-------+----------------------
         Total | 100.0 | 100.0 |   0.3 |   2.3 |   4.9 | 265.6
       Dungeon |  98.0 |  98.0 |   0.3 |   2.3 |   5.0 | 325.5
         Abyss |   2.0 |   2.0 |   0.0 |   0.0 |   0.0 |  26.0
               +-------+-------+-------+-------+-------+----------------------

Vault maps used:
D:1:      dpeg_arrival_rhombi
D:2:      old_standard_altar
D:3:      nicolae_overflow_hidden_temple, nicolae_ru_awakened_eye, serial_glass,
          glass_columns_a, glass_columns_c
D:4:      lemuel_doored_altar, grunt_decor_arrowhead, uniq_grinder,
          uniq_menkaure
